 Seeded DCSS version 0.30-a0-1053-gbd8d5ba0ad (webtiles) character file.

Game seed: 10438965823857296004 (custom seed)

112 GigaChad the Shield-Bearer (level 5, -6/42 HPs)
             Began as a Formicid Fighter on Apr 11, 2023.
             Killed by divine providence
             ... invoked by an orc priest
              (13 damage)
             ... on level 3 of the Dungeon.
             The game lasted 00:02:04 (1436 turns).

GigaChad the Shield-Bearer (Formicid Fighter)       Turns: 1436, Time: 00:02:05

Health: -6/42      AC:  7    Str: 22    XL:     5   Next: 16%
Magic:  5/5        EV:  9    Int: 12    God:
Gold:   70         SH:  6    Dex: 16    Spells: 4/4 levels left

rFire   . . .      SeeInvis +    o - +3 glaive "Pyngyol" {elec, rC- rCorr Int+4 Dex+3}
rCold   x . .      Faith    .    c - +1 buckler
rNeg    . . .      Spirit   .    b - +0 scale mail
rPois   .          Reflect  .    (helmet unavailable)
rElec   .          Rampage  .    (no cloak)
rCorr   +                        (no gloves)
Will    .....                    (no boots) Stlth
                                 h - amulet of regeneration
HPRegen 1.07/turn                (no ring)
MPRegen 0.09/turn                (no ring)

@: lethally poisoned (-6 -> -7)
A: permanent stasis, dig shafts and tunnels, antennae 3, four strong arms
a: Dig, Shaft Self


You were on level 3 of the Dungeon.
You visited 1 branch of the dungeon, and saw 3 of its levels.

You collected 70 gold pieces.

Inventory:

Hand Weapons
 a - a +0 spectral war axe
 o - the +3 glaive "Pyngyol" (weapon) {elec, rC- rCorr Int+4 Dex+3}
   (You found it on level 2 of the Dungeon)

   Int:       It affects your intelligence (+4).
   Dex:       It affects your dexterity (+3).
   rC:        It makes you vulnerable to cold.
   rCorr:     It protects you from acid and corrosion.
Armour
 b - a +0 scale mail (worn)
 c - a +1 buckler (worn)
Jewellery
 e - a ring of wizardry
 f - a ring of wizardry
 h - an amulet of regeneration (around neck)
Scrolls
 p - 2 scrolls of brand weapon
Potions
 d - a potion of might
 i - a potion of lignification {unknown}
 j - a potion of heal wounds {unknown}
 n - a potion of mutation {unknown}
 q - a potion of experience {unknown}


   Skills:
 * Level 4.2 Fighting
 - Level 3.0 Axes
 * Level 0.9(2.1) Polearms
 * Level 4.0 Armour
 - Level 0.2 Dodging
 * Level 4.6 Shields


You had 4 spell levels left.
You didn't know any spells.
Your spell library was empty.

Dungeon Overview and Level Annotations

Branches:
Dungeon (3/15)

Altars:


Innate Abilities, Weirdness & Mutations

You cannot be hasted, slowed, berserked, paralysed or teleported.
You can dig through walls and to a lower floor.
You have a pair of large antennae on your head. (SInv)
Your four strong arms can wield two-handed weapons with a shield.


Message History

You hit the orc.
The orc is moderately wounded.
The orc priest begins to cast a cantrip, but forgets the words!
The kobold hits you with a +2 short sword of venom.
You are poisoned.
Unknown command.
You closely miss the orc.
The orc is moderately wounded.
You feel very sick. You block the kobold's attack. The orc misses you.
The orc hits you but does no damage. x2; The orc barely misses you.
The kobold closely misses you.
Unknown command.
You closely miss the orc.
The orc is lightly wounded.
You feel sick. The orc misses you.
The orc priest calls upon Beogh to heal the orc.
The orc's wounds heal themselves!
The orc closely misses you. The kobold barely misses you.
Unknown command.
You slash the orc priest!
The orc priest is almost dead.
You feel sick. The kobold completely misses you. The frilled lizard bites you.
You block the orc's attack. The orc priest closely misses you.
The orc hits you but does no damage. The orc hits you with a +0 club.
The orc priest closely misses you. The kobold hits you but does no damage.
The orc closely misses you. The frilled lizard barely misses you.
You hit the orc priest.
The orc priest is almost dead.
You feel sick.
The kobold hits you with a +2 short sword of venom.
The frilled lizard bites you but does no damage.
The orc hits you but does no damage.
The orc priest mumbles some strange prayers to Beogh against you.
Pain shoots through your body!
* * * LOW HITPOINT WARNING * * *
The orc hits you but does no damage.
The orc priest mumbles some strange prayers to Beogh against you.
Beogh smites you!
You die...

#####..........
#.....#........#
#.....[.........
#...............
#...............
#...............
#............>..
#.(<........
#..o@K......
#..ool......
#...........
#......###.. {
#......# .
#......#
#......#
####...#


You could see an orc priest, 2 orcs, a kobold and a frilled lizard.

Vanquished Creatures
  Jessica (D:2)
  3 adders (D:2)
  A worm (D:2)
  3 dart slugs
  8 ball pythons
  3 bats (D:2)
  3 endoplasms
  2 giant cockroaches
  4 goblins
  3 hobgoblins
  3 jackals (D:2)
  2 quokkas
  5 kobolds (D:1)
  6 rats
47 creatures vanquished.

Notes
Turn   | Place    | Note
-------+----------+-------------------------------------------
     0 | D:1      | GigaChad the Formicid Fighter began the quest for the Orb.
     0 | D:1      | Reached XP level 1. HP: 18/18 MP: 1/1
   168 | D:1      | Reached XP level 2. HP: 24/24 MP: 2/2
   356 | D:1      | Reached XP level 3. HP: 29/29 MP: 3/3
   756 | D:2      | Noticed Jessica
   760 | D:2      | Killed Jessica
   761 | D:2      | Reached XP level 4. HP: 35/37 MP: 4/4
   814 | D:2      | Identified the +3 glaive "Pyngyol" {elec, rC- rCorr Int+4
                  | Dex+3}
  1129 | D:2      | Reached XP level 5. HP: 42/42 MP: 5/5
  1436 | D:3      | Killed from afar by an orc priest

Illustrated notes

Levels and vault maps discovered:
D:1:      ncdulo_wetmaze, layout_loops_ring
D:2:      layout_basic, uniq_jessica
D:3:      wad_pebble_path, layout_basic

Skill      XL: |  1  2  3  4 |
---------------+-------------+-----
Fighting       | 4 |  4.2
Axes           | 3 |  3.0
Armour         | 4 |  4.0
Polearms       | |  0.9
Dodging        | |  0.2
Shields        | |  4.6

Action                     |  1- 3 |  4- 6 || total
---------------------------+-------+-------++-------
  Melee: War axe           |    69 |     4 ||    73
         Glaive            |       |    38 ||    38
    Use: Scroll            |       |     5 ||     5
 Armour: Scale mail        |    34 |    24 ||    58
  Dodge: Dodged            |    38 |    27 ||    65
  Block: Buckler           |    20 |     7 ||    27

Table legend: (Time is in decaauts)
 A = Elapsed time spent in this place.
 B = Non-inter-level travel time spent in this place.
 C = Inter-level travel time spent in this place.
 D = Time resting spent in this place.
 E = Time spent auto-exploring this place.
 F = Levels seen in this place.
 G = Mean time per level.
                   A        B        C        D        E       F      G
               +--------+--------+--------+--------+--------+-----+--------+
         Total |   1495 |   1420 |     75 |      0 |   1084 |   3 |  498.3 |
       Dungeon |   1495 |   1420 |     75 |      0 |   1084 |   3 |  498.3 |
               +--------+--------+--------+--------+--------+-----+--------+

Top non-repeatable levels by time:
     D:2: 829 daAuts
     D:1: 649 daAuts
     D:3: 16 daAuts
